[Event "Benidorm Open-B 2022"]
[Site "Benidorm"]
[Date "2022.12.08"]
[Round "6.3"]
[White "Ingham, H William"]
[Black "Saez Gabikagogeaskoa, Oscar"]
[Result "0-1"]
[ECO "D05"]
[WhiteElo "1831"]
[BlackElo "1941"]
[Annotator "TA"]
[PlyCount "94"]
[EventDate "2022.12.03"]
[EventType "swiss"]
[EventCountry "ESP"]
[SourceTitle "playchess.com"]
[Source "ChessBase"]
[SourceQuality "1"]
[TimeControl "5400+30"]

1. d4 Nf6 2. Nf3 d5 3. e3 e6 4. Bd3 Nbd7 5. O-O c5 6. c3 Bd6 7. Nbd2 O-O 8. e4 dxe4 9. Nxe4 Nxe4 10. Bxe4 Nf6 11. Bc2 h6 12. Qe2 {D05: Colle System with ...e6.} b6 13. Be3 Qe7 {[#]} 14. Rad1 $146 {The position is equal.} ({Predecessor:} 14. dxc5 Bxc5 15. Bxc5 Qxc5 16. Rad1 Bb7 17. Ne5 Rfd8 18. Ng4 Qg5 19. Nxf6+ Qxf6 20. Be4 Bxe4 21. Qxe4 Qe7 22. Qf3 Rac8 23. g3 {½-½ (23) Igaz,P-Neber,A (2080) Hungary 1998}) 14... Bb7 15. Ne5 Rad8 16. Ng4 (16. Rfe1 {keeps more tension.} Rfe8 17. a3 cxd4 18. Bxd4 Bc5 19. Bxc5 Qxc5 20. c4) 16... Nxg4 17. Qxg4 f5 18. Qh3 Rf6 19. dxc5 bxc5 20. f4 Rg6 {[%cal Oe7h4] Hoping for ...Qh4!} 21. g3 {Against Qh4} (21. Rf2 $1 $11) 21... Qc7 (21... Qe8 {looks sharper.} 22. Bd3 Kh7 23. Kf2 Qa4) 22. Rf2 Be7 {Threatening ...Qc6.} 23. Rxd8+ Qxd8 24. Qh5 $2 (24. Rd2 $11 {and White has nothing to worry.} Qe8 25. Kf2) 24... Qe8 $2 (24... Qd5 $1 $19 25. Kf1 Qh1+ 26. Ke2 Kh7) 25. Qe2 $2 ({Don't play} 25. Kf1 Qb5+ 26. Ke1 Rf6 $11) (25. Bd1 $14 {keeps the upper hand.}) 25... Qc6 $19 26. Rg2 h5 $40 {[%mdl 128] Black attacks with force.} (26... Qxg2+ 27. Qxg2 Bxg2 28. Kxg2 $17) 27. Kf1 h4 (27... Qxg2+ $19 {is more deadly.} 28. Qxg2 Bxg2+ 29. Kxg2 Kf7) 28. Rg1 $17 hxg3 29. hxg3 Rh6 30. Ke1 Ba6 {Prevents g4.} 31. Qg2 Qb5 32. Bd1 Bb7 (32... Qd3 $17 33. Qd2 Qb1) 33. Qf2 (33. Qe2 $15 Qb6 34. Bb3) 33... Bd5 {Black is more active.} 34. b3 $2 (34. Qe2 $17 {might work better.} Qxe2+ 35. Bxe2) 34... Qa5 $19 35. Qd2 {[#]} Bf6 $1 36. b4 (36. Qb2 $142) 36... Qa3 ({Inferior is} 36... Qxa2 37. Qxa2 Bxa2 38. Kf2 $17) 37. Bb3 Bxb3 38. axb3 Qxb3 39. Kf1 cxb4 ({Stronger than} 39... Qxc3 40. Qxc3 Bxc3 41. bxc5 $15) 40. cxb4 Qb1+ 41. Kg2 (41. Qe1 {was the only defense.} Qb3 42. Qe2) 41... Qe4+ 42. Kf1 Qc4+ 43. Kg2 Be7 44. Bxa7 (44. Rf1 $142 Bxb4 45. Qc1 Qe4+ 46. Rf3) 44... Bxb4 (44... Qc6+ $142 45. Kf1 Qa6+ 46. Qe2 Qxa7) 45. Qd8+ Kh7 {( -> ...Qe2+)} 46. Qd4 Qc6+ 47. Kf1 {[#]} Rh2 $1 {Weighted Error Value: White=1.04/Black=0.53} 0-1

[Event "Benidorm Open-B 2022"]
[Site "Benidorm"]
[Date "2022.12.08"]
[Round "6.4"]
[White "Swapna C N"]
[Black "Pajuelo Morales, Raul"]
[Result "0-1"]
[ECO "A48"]
[WhiteElo "1481"]
[BlackElo "1890"]
[Annotator "NA RC COMBH"]
[PlyCount "64"]
[EventDate "2022.12.03"]
[EventType "swiss"]
[EventCountry "ESP"]
[SourceTitle "playchess.com"]
[Source "ChessBase"]
[SourceQuality "1"]
[TimeControl "5400+30"]

1. d4 Nf6 2. Nf3 g6 3. Bg5 Bg7 4. Nbd2 d5 5. e3 O-O 6. Bd3 c5 7. c3 Nc6 8. Qe2 Qb6 9. Rb1 Re8 10. Bb5 Bf5 11. Rc1 c4 12. Bxc6 bxc6 13. b3 Bd3 14. Qd1 Nd7 15. Ng1 h6 16. Bh4 e5 17. Ne2 f5 18. Bg3 f4 19. Nxf4 exf4 20. Bxf4 g5 21. Bg3 c5 22. Qf3 Nf6 23. Be5 Ne4 24. Bxg7 Kxg7 25. dxc5 Qxc5 26. b4 Qd6 27. Nxe4 Rxe4 28. g3 Rf8 29. Qg2 d4 30. cxd4 Qxb4+ 31. Kd1 Qa4+ 32. Ke1 Qxa2 0-1

[Event "Benidorm Open-B 2022"]
[Site "Benidorm"]
[Date "2022.12.08"]
[Round "6.5"]
[White "Selva Salvador, Antonio"]
[Black "Pedraza Fernandez, Miguel Angel"]
[Result "0-1"]
[ECO "A45"]
[WhiteElo "1954"]
[BlackElo "1784"]
[Annotator "TA"]
[PlyCount "139"]
[EventDate "2022.12.03"]
[EventType "swiss"]
[EventCountry "ESP"]
[SourceTitle "playchess.com"]
[Source "ChessBase"]
[SourceQuality "1"]
[TimeControl "5400+30"]

1. d4 Nf6 2. Bf4 g6 3. Nc3 d6 4. Qd2 Bg7 5. O-O-O O-O (5... c6 $11) 6. Bh6 {A45: Trompowsky Attack.} Nbd7 7. h4 {[#]} c5 $146 ({Predecessor:} 7... Bxh6 8. Qxh6 Ng4 9. Qf4 h5 10. Nh3 e5 11. dxe5 dxe5 12. Qe4 Qe7 13. Nd5 Qd6 {1-0 (45) Biza,M (1760)-Horvath,T (1985) Orlova 2017}) 8. Bxg7 {White is slightly better.} Kxg7 9. f3 cxd4 10. Qxd4 Qb6 11. Qd2 (11. Qxb6 {simplifies} Nxb6 12. g4 Bd7 13. e4) 11... Ne5 {Prevents h5. aiming for ...Nc4.} 12. e4 h5 13. Nh3 Be6 (13... Bxh3 $15 14. Rxh3 Rfc8) 14. Nf4 Bc4 15. b3 Be6 16. Nfd5 (16. Nxe6+ {simplifies} fxe6 17. Ne2 Nfd7 18. Nf4) 16... Nxd5 17. Nxd5 Bxd5 18. exd5 Qc5 19. Qd4 (19. Be2 {looks sharper.} Rac8 20. Kb2 b5 21. f4) 19... Rfc8 20. Qxc5 Rxc5 21. Rd2 b5 {Black is more active.} 22. Be2 b4 23. Re1 a5 24. f4 Nd7 25. Bf3 Kf8 26. Rde2 (26. f5 $1 $11 {keeps the balance.}) 26... Re8 $17 27. Rd2 Nb6 28. Kb2 Ra8 29. Rd4 Rac8 30. Re2 Rb5 {Prevents f5.} (30... Kg7 $17) 31. Red2 Nd7 (31... f5 $17) 32. g4 hxg4 33. Bxg4 f5 34. Be2 Rbc5 35. h5 Nf6 36. Ba6 (36. hxg6 $15 Ne4 37. Rxe4 (37. Ba6 Ra8 $17) 37... fxe4 38. Bg4) 36... Ra8 $1 $36 {[%mdl 2048] White is under strong pressure.} 37. Bb7 Rb8 38. Bc6 (38. Ba6 $17) 38... Nxh5 $19 ({Weaker is} 38... gxh5 39. Re2) 39. a3 Nf6 {Against Bd7} 40. axb4 axb4 41. Rh2 Kg7 {Against Rh8} 42. Rh1 Rc3 43. Ra1 $2 (43. Rxb4 {might work better.} Rxc2+ 44. Kxc2 Rxb4 45. Re1) 43... Re3 44. Ra7 Kf7 45. Bd7 Re4 46. Be6+ Kf8 47. Rd1 (47. Rxe4 {was the only defense.} Nxe4 48. Kc1) 47... Rxf4 48. Rh1 Nh5 49. Rg1 Rg4 50. Rxg4 fxg4 51. Bxg4 {[%mdl 4096] Endgame KRB-KRN} Nf4 52. Ra5 Kf7 53. c4 $2 (53. c3) 53... Nd3+ (53... Rh8 $19 {and Black stays clearly on top.} 54. Rb5 g5 55. Be6+ Kf6) 54. Kc2 $17 {[#]} Nc5 {Hoping for ...Rh8.} 55. Ra1 $2 {[%mdl 8192] Loses the game.} (55. Rb5 $17 Rxb5 56. cxb5) 55... Rh8 $19 {White must now prevent ...Rh2+.} 56. Rf1+ Kg7 57. Rf2 Ra8 {( -> ...Ra2+)} 58. Rf3 Ra2+ 59. Kb1 Rd2 60. Be6 $2 (60. Rg3 {was called for.}) 60... Nxe6 61. dxe6 {[#] KR-KR} g5 $1 62. Rf7+ Kg6 63. Rxe7 Kf6 64. Rb7 Kxe6 {Threatens to win with ...g4.} 65. Rxb4 g4 {Black mates.} 66. c5 g3 ({Not} 66... dxc5 67. Rxg4 Rh2 68. Kc1 $11) 67. cxd6 g2 68. Re4+ Kxd6 69. Rg4 Rd1+ 70. Kc2 {Weighted Error Value: White=0.37/Black=0.20 (precise)} 0-1

[Event "Benidorm Open-B 2022"]
[Site "Benidorm"]
[Date "2022.12.08"]
[Round "6.6"]
[White "Martinez Dourado, Daniel"]
[Black "Sai Hrushikesh Simhdri"]
[Result "0-1"]
[ECO "B90"]
[WhiteElo "1837"]
[BlackElo "1460"]
[Annotator "NA RC COMBH"]
[PlyCount "60"]
[EventDate "2022.12.03"]
[EventType "swiss"]
[EventCountry "ESP"]
[SourceTitle "playchess.com"]
[Source "ChessBase"]
[SourceQuality "1"]
[TimeControl "5400+30"]

1. e4 c5 2. Nf3 d6 3. d4 cxd4 4. Nxd4 Nf6 5. Nc3 a6 6. Be3 e5 7. Nb3 Be6 8. f3 Be7 9. Qd2 h5 10. O-O-O Nbd7 11. Kb1 Qc7 12. h3 Rc8 13. f4 b5 14. Bd3 Bc4 15. Rhg1 exf4 16. Bxf4 Ne5 17. Ne2 O-O 18. Ned4 g6 19. Qe2 Rfe8 20. g4 hxg4 21. hxg4 Bf8 22. Bg5 Nh7 23. Be3 Bg7 24. Nf5 gxf5 25. gxf5 Kf8 26. Qh5 Nf6 27. Qg5 Bh8 28. Nd4 Ke7 29. b3 Bxd3 30. cxd3 Qc3 0-1

[Event "Benidorm Open-B 2022"]
[Site "Benidorm"]
[Date "2022.12.08"]
[Round "6.7"]
[White "Dawson, Alastair"]
[Black "Palao, Adriana"]
[Result "0-1"]
[ECO "A15"]
[WhiteElo "1842"]
[BlackElo "1972"]
[Annotator "TA"]
[PlyCount "96"]
[EventDate "2022.12.03"]
[EventType "swiss"]
[EventCountry "ESP"]
[SourceTitle "playchess.com"]
[Source "ChessBase"]
[SourceQuality "1"]
[TimeControl "5400+30"]

1. Nf3 Nf6 2. c4 e6 3. e3 b6 4. g3 Bb7 5. Bg2 Be7 6. b3 d5 7. Bb2 Nbd7 8. O-O O-O 9. d3 dxc4 {A14: English Opening: 1...e6 with b3 by White.} 10. bxc4 c5 11. Nc3 Bc6 {[#] The position is equal.} 12. a4 $146 ({Predecessor:} 12. Qe2 Rc8 13. Rfd1 e5 14. Nb5 Bxb5 15. cxb5 Bd6 16. Rac1 Qe7 17. Nd2 Rfe8 18. Nc4 {1-0 (38) Baliuniene,M (1851)-Makackiene,I Kaunas 2015}) 12... Qc7 13. Ne1 Bxg2 14. Nxg2 Rfd8 15. f4 Nb8 16. Qe2 Nc6 17. Rfd1 Rd7 18. Ne1 Rad8 19. Rd2 e5 20. fxe5 Nxe5 21. Rad1 Qc6 22. e4 ({Of course not} 22. Nd5 Nxd5 23. Bxe5 Nb4 $15) 22... a6 23. Nd5 Ng6 24. Bc3 b5 25. axb5 axb5 26. cxb5 Qxb5 27. Rb2 (27. Bxf6 {simplifies} Bxf6 28. Nf3 Qc6 29. Rc2) 27... Qc6 (27... Nxd5 {looks sharper.} 28. Rxb5 Nxc3 29. Qb2 Nxd1 30. Qd2 Rd4) 28. Rb6 {[#]} (28. Nxe7+ $11 {remains equal.} Rxe7 29. Nf3) 28... Nxd5 $1 $17 29. Rxc6 Nxc3 30. Qc2 Nxd1 31. Qxd1 Ne5 $1 32. Ra6 c4 {[%cal Bc5c4,Bc4d3,Bd3d2][%mdl 32] Black is more active.} 33. Ra2 $2 {[%mdl 8192] White does not recover from this.} (33. Ra5 $17 {is more resistant.} Nxd3 34. Rd5 Rxd5 35. exd5 Rxd5 36. Qf3) 33... cxd3 $19 ({Not} 33... Nxd3 34. Nxd3 cxd3 35. Qd2 $19) 34. Kf1 Nc4 {...Ne3+ is the strong threat.} 35. Ng2 {Against Ne3+} Bf6 {Strongly threatening ...d2.} 36. Kf2 d2 37. Ke2 (37. Nf4 $142) 37... Nb2 38. Rxb2 Bxb2 39. Ne3 Rc7 $2 (39... Rd3 40. Nd5 Rd4) 40. Nd5 Rc4 41. Qxd2 Rxe4+ 42. Kf3 {White threatens Ne7+ and mate.} Rd4 43. Nf6+ $2 (43. Ne7+ Kf8 44. Qxb2 Kxe7 45. Qc2) 43... gxf6 {[%cal Bg7f6,Bf6f5][%mdl 32] Black is clearly winning.} 44. Qxb2 Rd3+ 45. Ke4 Kg7 46. Kf5 R8d5+ 47. Ke4 Rd2 48. Qb4 f5+ {Weighted Error Value: White=0.61/Black=0.25 (precise)} 0-1

[Event "Benidorm Open-B 2022"]
[Site "Benidorm"]
[Date "2022.12.08"]
[Round "6.8"]
[White "Rios Garcia, Miguel"]
[Black "Saber, Anas"]
[Result "1-0"]
[ECO "A00"]
[WhiteElo "1829"]
[BlackElo "1920"]
[Annotator "TA"]
[PlyCount "113"]
[EventDate "2022.12.03"]
[EventType "swiss"]
[EventCountry "ESP"]
[SourceTitle "playchess.com"]
[Source "ChessBase"]
[SourceQuality "1"]
[TimeControl "5400+30"]

1. a3 Nf6 2. d4 d5 3. Nf3 Bf5 4. Nh4 Bg4 {[#]} 5. h3 $146 ({Predecessor:} 5. Bf4 e6 6. f3 Bh5 7. g4 Nxg4 8. Bg3 Ne3 9. Qd3 Nc4 10. Qb3 Nb6 11. a4 {0-1 (41) Scholtes,T (1780)-Baskewitsch,P (1955) Luxembourg 1996}) 5... Bh5 6. g4 {Prevents e6. A00: Irregular Openings.} Bg6 7. Nxg6 hxg6 8. Bg2 {[%cal Oc2c4] White is slightly better.} c6 9. Nc3 Nbd7 10. g5 Nh5 11. e4 dxe4 12. Bxe4 e6 {Inhibits d5.} 13. Qe2 Be7 14. h4 Qc7 (14... Qb6 $5 ) 15. Qf3 Bd6 16. Ne2 Nb6 17. b3 Qe7 (17... e5 $11) 18. c4 $14 {Threatens to win with c5.} Bc7 19. a4 {[%cal Ba3a4,Ba4a5,Ba5a6][%mdl 32] Ba3 is the strong threat.} a5 20. Ba3 Qd7 21. Bc5 O-O-O (21... Nc8 $1 $14) 22. b4 ({White should try} 22. Qc3 $16 Na8 23. Kf1) 22... axb4 (22... Nxc4 $2 23. b5 Bd6 24. bxc6 $18) (22... f5 $1 $11 23. gxf6 (23. bxa5 $2 fxe4 24. Qb3 Na8 $19) 23... Nxf6) 23. a5 $18 Nxc4 24. a6 {axb7+ would kill now.} Ba5 (24... bxa6 $2 25. Bxc6 $18) 25. Rxa5 Nxa5 $16 26. Bb6 $2 {White has more active pieces. The black rooks are badly placed.} (26. O-O $1 $16 {stays on course.} Nc4 27. axb7+ Qxb7 28. Bxc6) 26... Nc4 $17 27. Bxd8 Rxd8 28. Qb3 b5 29. Qxb4 Qd6 30. Qb3 (30. Qxd6 $17 Nxd6 31. Bxc6) 30... Kb8 (30... Kc7 $19 {Strongly threatening ...Ra8.} 31. Bd3 Na5) 31. O-O (31. a7+ $17 Kxa7 32. O-O) 31... Nd2 $19 {[%csl LRb3,LRe4,LRf1] Pair of Knights!} 32. a7+ Ka8 $1 (32... Kxa7 $2 33. Ra1+ Kb6 34. Qa2 $18) 33. Qd3 Nxf1 ({Black should play} 33... Nxe4 $1 $19 34. Qxe4 Rd7) 34. Qxb5 $17 {[#]} Kxa7 (34... Rc8 $1 $17 35. Qa6 {[#]} Qc7 $1 36. Kxf1 Qb7) 35. Bxc6 $11 {[%csl Gc6][%cal Rb5b7] Dancing on a razor blade.} (35. Qxc6 $2 Qxc6 36. Bxc6 Nd2 $19) 35... Qe7 {[%mdl 8192] Inhibits Qb7+.} 36. Qa5+ ({Worse is} 36. Kxf1 Qc7 $11) 36... Kb8 37. Qa8+ (37. Nc3 $142 Rxd4 38. Nb5 (38. Kxf1 Qb4 $11) 38... Ra4 39. Qxa4 Qb7 40. Bxb7 Kxb7 41. Nd4 Nf6 42. gxf6) 37... Kc7 $18 38. Qb7+ Kd6 39. Qb4+ (39. Kxf1 $2 {too greedy.} Qxb7 40. Bxb7 Rb8 $19) 39... Kxc6 40. Qxe7 Rb8 41. Kxf1 Rb1+ 42. Kg2 Rb7 43. Qc5+ Kd7 44. Kf3 Rb3+ 45. Ke4 {White wants to mate with d5.} f6 46. Nc3 Rb2 47. Ke3 Rb3 48. Qa7+ (48. d5 $142 fxg5 49. dxe6+ Kxe6 50. Qd5+ Ke7 51. Qxb3 gxh4 52. Qb7+ Ke6 53. Ne4) 48... Kd6 49. Qc5+ Kd7 50. Kd3 Nf4+ 51. Kc4 Rb2 52. Qa7+ Kc6 53. Qa8+ Kd7 54. Qe4 Rxf2 55. Qb7+ {White mates.} Kd8 56. Kc5 Rd2 57. Qb8+ {Quite a comeback for White.   Weighted Error Value: White=0.35/Black=0.57} 1-0

[Event "Benidorm Open-B 2022"]
[Site "Benidorm"]
[Date "2022.12.08"]
[Round "6.9"]
[White "Skielnik, Joseph J"]
[Black "Millward, Kevin P"]
[Result "0-1"]
[ECO "A41"]
[WhiteElo "1797"]
[BlackElo "1928"]
[Annotator "TA"]
[PlyCount "190"]
[EventDate "2022.12.03"]
[EventType "swiss"]
[EventCountry "ESP"]
[SourceTitle "playchess.com"]
[Source "ChessBase"]
[SourceQuality "1"]
[TimeControl "5400+30"]

1. d4 d6 2. c4 e5 3. d5 f5 4. Nc3 Nf6 5. e4 fxe4 6. Nge2 {A41: 1 d4 d6: Tartakower System and Modern Defence.} Bf5 7. Ng3 Bg6 8. Bg5 {White is slightly better.} Be7 9. Bxf6 gxf6 10. Ngxe4 (10. h4 $11) 10... f5 $1 $15 11. Nd2 {[#]} Nd7 $146 ({Predecessor:} 11... Bf6 12. Be2 Nd7 13. Bh5 Nc5 14. Bxg6+ hxg6 15. Qc2 Qe7 16. Nb3 Nd7 17. O-O-O b6 {0-1 (98) Urosevic,M (2108)-Petrovic,M (2168) Kac 2008}) 12. Be2 Bg5 13. Nf3 Bf6 14. Rc1 Qe7 15. b4 (15. Nb5 $142 Qd8 16. Nc3) 15... O-O 16. O-O Qg7 17. Nb5 {[#]} Rfc8 18. Qb3 (18. Ne1 $17) 18... a6 19. Nc3 Kh8 20. Na4 (20. Ne1 $17) 20... Rg8 21. Ne1 e4 22. c5 Ne5 23. b5 $2 (23. cxd6 cxd6 24. Nb6) 23... axb5 24. Bxb5 Be8 25. Bxe8 Nf3+ ({Not} 25... Rgxe8 26. cxd6 cxd6 27. Nb6 $17) (25... Raxe8 $2 26. Qh3 $19) 26. Kh1 Nxe1 27. g3 Nd3 28. Bb5 Nxc1 29. Rxc1 Be5 30. Nc3 dxc5 31. Ne2 b6 32. Bc6 Raf8 33. f4 Bd6 34. Rg1 Qg4 35. Rg2 h5 36. Qb2+ Rg7 37. Ng1 Qg6 38. Nh3 Be7 {Prevents Ng5.} 39. Qe2 Rh7 40. Qe3 Qg7 41. Ng1 Qa1 42. h4 Bf6 43. Qe2 Bd4 44. Kh2 Bxg1+ 45. Rxg1 Qg7 46. Rg2 Rg8 47. a4 Qc3 48. Qa2 Rhg7 49. Qf2 (49. Qe2 $142 Rh7 50. Bb7) 49... Kh7 $19 50. Bb5 Qd4 51. Qe2 Kh6 {aiming for ...Qc3.} (51... Qxd5 $2 52. Qxh5#) 52. Bc4 Rd8 53. Rf2 Qf6 54. Rg2 Rb8 55. Qf2 Rd8 56. Qe2 c6 57. dxc6 Qxc6 58. Qb2 Rd4 ({Stronger than} 58... Qxa4 59. Qf6+ Kh7 60. Qxf5+ Kh8 61. Qxh5+ Rh7 62. Qg6 $11) 59. Bb5 Qd6 60. Qb3 Rd2 {...Rxg2+ is the strong threat.} 61. Rxd2 Qxd2+ {KQR-KQB} 62. Kh3 Qd6 (62... Qf2 $142 63. Be8 c4 64. Qc3 Kh7 65. Qxg7+ Kxg7 66. Bxh5 Qg1 67. g4 c3 68. a5 c2 69. gxf5 c1=Q 70. f6+ Kxf6 71. Be2 Qce3+ 72. Bf3 Qxf3#) 63. Bc4 Qg6 64. Be2 Rd7 65. Qb2 {Against Rd2} Rg7 $2 (65... Kh7 $19 {Hoping for ...e3.} 66. Kg2 Qd6) 66. Qc3 $2 {[%mdl 8192] Against e3} (66. Qb3 $11 Qf6 67. Kg2) 66... Qd6 67. Qc4 Kg6 68. Qb5 Rd7 {Threatens to win with ...e3.} 69. Qc4 Qd5 {Against Qg8+. ( -> ...Qxc4)} 70. Qb5 Qe6 (70... e3 $142 71. Kh2 Qe6) 71. Bc4 (71. a5 $142 bxa5 72. Qxa5) 71... Qd6 72. Be2 {Inhibits Qd1.} Re7 73. Qc4 Re6 74. Qb5 e3 75. Qc4 Qc6 76. Kh2 {Prevents Qh1+.} Qe4 {White must now prevent ...Qxc4.} 77. Qb5 Qd4 {And now ...Kh6 would win.} 78. Kh3 Qe4 (78... Qd5 $142 79. Kh2 Qd2) 79. Kh2 Rd6 {Prevents Qd7.} 80. Qb3 c4 ({Worse is} 80... Rd2 81. Qg8+ Kh6 82. Qh8+ Kg6 83. Qg8+ Kh6 84. Qh8+ Kg6 85. Qg8+ $11) 81. Qb4 Qe6 (81... Qc6 $142 82. Qc3 Rd2 83. Qxe3 c3) 82. Kh3 Qd5 (82... Rd2 $142 83. Bf3 e2 84. Qxd2 e1=Q) 83. Kh2 Qc5 84. Qc3 Rd2 85. Kh3 Rxe2 86. Qh8 Qe7 87. Qg8+ Kf6 88. Qh8+ Ke6 (88... Qg7 $142 89. Qd8+ Ke6 90. Qxb6+ Kd5 91. Qd8+ Ke4 92. Qa8+ Kd3 93. Qd5+ Qd4 94. Qxf5+ Qe4 95. Qxh5 {[#]} Rh2+ $3 96. Kxh2 e2 97. Qa5 e1=Q 98. Qxe1 Qxe1 99. Kh3 Ke4 100. Kg4 Qa5 101. Kh3 Kf3 102. f5 Qxf5+ 103. g4 Qxg4+ 104. Kh2 Qg2#) 89. Qxh5 Rd2 90. Qg6+ Kd7 91. Qxb6 Rd6 (91... Qe4 $142 92. Qb5+ Ke7 93. Qc5+ Kf7 94. Qa7+ Kg6 95. h5+ Kh6 96. Qh7+ Kxh7 97. Kh4 Kh6 98. g4 Rh2+ 99. Kg3 Qg2#) 92. Qa7+ Ke8 {Black mates.} 93. Qb8+ Kf7 94. Qh8 e2 95. Qh5+ Kg7 {Weighted Error Value: White=0.60/Black=0.39} 0-1

[Event "Benidorm Open-B 2022"]
[Site "Benidorm"]
[Date "2022.12.08"]
[Round "6.10"]
[White "Lopez de Turiso, Jose Angel"]
[Black "Kane, Robert"]
[Result "1-0"]
[ECO "A00"]
[WhiteElo "1885"]
[BlackElo "1738"]
[Annotator "NA RC COMBH"]
[PlyCount "91"]
[EventDate "2022.12.03"]
[EventType "swiss"]
[EventCountry "ESP"]
[SourceTitle "playchess.com"]
[Source "ChessBase"]
[SourceQuality "1"]
[TimeControl "5400+30"]

1. Nc3 b6 2. e4 Bb7 3. f4 e6 4. Nf3 d5 5. d3 Bb4 6. Bd2 dxe4 7. Nxe4 Bxd2+ 8. Qxd2 Nf6 9. Nxf6+ Qxf6 10. O-O-O Bxf3 11. gxf3 O-O 12. d4 Rd8 13. Qe3 c5 14. Bd3 Nd7 15. Be4 Rab8 16. d5 exd5 17. Rxd5 Nf8 18. Rf5 Qe6 19. Kb1 Rd6 20. Qc3 Rbd8 21. b3 Rd1+ 22. Rxd1 Rxd1+ 23. Kb2 f6 24. Rh5 g6 25. f5 Qd6 26. fxg6 hxg6 27. Rd5 Rxd5 28. Qc4 Nd7 29. Qxd5+ Qxd5 30. Bxd5+ Kg7 31. Kc3 g5 32. Kc4 f5 33. Kb5 Kf6 34. Ka6 Ke5 35. Bb7 Kd4 36. Kxa7 f4 37. Bc8 Ne5 38. Kxb6 g4 39. fxg4 c4 40. bxc4 f3 41. g5 Nxc4+ 42. Kc7 f2 43. Bh3 Kc3 44. g6 Ne5 45. g7 f1=Q 46. Bxf1 1-0

[Event "Benidorm Open-B 2022"]
[Site "Benidorm"]
[Date "2022.12.08"]
[Round "6.11"]
[White "Mateev, Kaloyan Mateev"]
[Black "Izquierdo Carbellido, Pablo"]
[Result "0-1"]
[ECO "C00"]
[WhiteElo "1735"]
[BlackElo "1900"]
[Annotator "TA"]
[PlyCount "108"]
[EventDate "2022.12.03"]
[EventType "swiss"]
[EventCountry "ESP"]
[SourceTitle "playchess.com"]
[Source "ChessBase"]
[SourceQuality "1"]
[TimeControl "5400+30"]

1. e4 e6 2. b3 d5 3. Bb2 dxe4 4. Nc3 Nf6 5. Qe2 Be7 6. Nxe4 O-O {C00: French: Unusual White 2nd moves.} 7. g4 {[#]} (7. g3 $11) 7... Bd7 $146 ({Predecessor:} 7... Nxe4 8. Qxe4 Bf6 9. d4 Qd5 10. Bd3 Qxe4+ 11. Bxe4 c6 12. h4 b6 13. f4 Bb7 14. Nf3 {1-0 (55) Benci,R (1637)-Kastler,P (1628) Slovakia 2021}) 8. Bg2 Bc6 {Black is slightly better.} 9. O-O-O Nxe4 10. Bxe4 Bf6 11. d4 Bxe4 (11... a5 {simplifies} 12. a4 Bxe4 13. Qxe4 Nd7) 12. Qxe4 Qd5 13. Qxd5 exd5 14. Nf3 {Prevents Bh4.} Nd7 15. h4 Be7 16. Ne5 Nf6 17. f3 Rad8 18. a3 Bd6 19. Rde1 c6 (19... h5 $5 ) 20. h5 Ne8 21. Re2 Nc7 22. f4 Ne6 23. Rf2 f6 24. Nd3 Rd7 25. Re1 Re7 26. Kd1 Rfe8 27. c4 b6 28. Kd2 Nd8 29. Rxe7 Rxe7 30. c5 Bc7 31. a4 Re4 32. Re2 Kf7 (32... Bxf4+ $2 33. Nxf4 Rxe2+ 34. Nxe2 $18) 33. g5 (33. Rxe4 $11 {keeps the balance.} dxe4 34. cxb6 axb6 35. Nf2) 33... Bxf4+ $17 34. Nxf4 Rxf4 35. gxf6 Rxf6 ({Weaker is} 35... Kxf6 36. Re8 Rf2+ 37. Kc1 Rf1+ 38. Kc2 $11) 36. cxb6 axb6 {[%mdl 4096] Endgame KRB-KRN} 37. b4 Ne6 38. a5 {[#]} bxa5 (38... Nf4 $2 39. axb6 Rd6 40. Rf2 $18) (38... b5 $1 $17) 39. bxa5 $11 Nc7 40. Ba3 Re6 {Prevents Re7+.} 41. Rf2+ Rf6 42. Re2 Re6 {Against Re7+} 43. Rf2+ Ke8 (43... Rf6 $11 44. Re2) 44. Rf8+ $14 Kd7 45. Rf7+ (45. Bc5 $1 $14) 45... Kc8 $11 46. Rxg7 Rh6 47. Kc3 Nb5+ 48. Kb4 {Strongly threatening a6.} Nxd4 49. Bc1 Rxh5 50. a6 {White wants to mate with a7.} Nb5 51. Kc5 {[%cal Oc1e3] aiming for Be3!} Rh2 52. Rg8+ (52. Kxc6 $16 Nd4+ 53. Kxd5) 52... Kd7 {White must now prevent ...Rc2+. The position is equal.} 53. Rg7+ {[%mdl 64] [#] Deflection} Ke6 {And now ...Rc2+ would win.} 54. Kxc6 Nd6 {[%mdl 32768] Weighted Error Value: White=0.16 (very precise) /Black=0.15 (very precise) . Loss on time!?} 0-1